Map: Lightshade LE

Players

ShoWTimE - Winner!

  • Race: Protoss Protoss
  • Spawn Location: 5:00

Zest

  • Race: Protoss Protoss
  • Spawn Location: 11:00

Event: TSL 6

VOD

Have the link to the VOD?

Description

Time

  • Played on: Dec. 13, 2020, 2:46 p.m.
  • Length: 10:03

All games in this series

Show
View Real Time Build Order
Export as new Build Order

ShoWTimE Protoss - Winner!

Build Orders: Oracle Opening 

Get SALT Encoding   

  12  0:00  Probe  
  13  0:12  Probe  
  14  0:17  Pylon  
  14  0:24  Probe (Chrono Boost)  
  15  0:36  Gateway, Probe (Chrono Boost)  
  16  0:44  Probe (Chrono Boost)  
  16  0:46  Assimilator  
  17  0:51  Probe  
  17  0:54  Assimilator  
  18  1:03  Probe (Chrono Boost)  
  19  1:08  Gateway  
  19  1:13  Probe (Chrono Boost)  
  19  1:18  Probe (Chrono Boost)  
  21  1:25  Cybernetics Core  
  21  1:29  Probe  
  22  1:39  Pylon  
  22  1:41  Probe  
  23  1:57  Probe  
  24  2:01  Stalker  
  24  2:02  Stalker  
  24  2:04  Warp Gate  
  28  2:09  Probe  
  29  2:16  Pylon  
  29  2:35  Stargate  
  28  2:50  Nexus  
  28  3:00  Shield Battery  
  32  3:07  Stalker  
  32  3:10  Stalker  
  32  3:15  Probe  
  32  3:16  Oracle (Chrono Boost)  
  36  3:26  Pylon  
  36  3:28  Probe  
  37  3:36  Shield Battery  
  37  3:40  Probe  
  41  3:50  Oracle (Chrono Boost)  
  41  3:51  Shield Battery  
  41  3:56  Probe  
  42  4:04  Probe  
  42  4:08  Probe  
  42  4:09  Adept  
  46  4:11  Adept  
  46  4:16  Probe  
  49  4:22  Probe (Chrono Boost)  
  50  4:28  Probe (Chrono Boost)  
  51  4:33  Twilight Council  
  53  4:38  Probe x2 (Chrono Boost)  
  53  4:43  Probe (Chrono Boost)  
  53  4:44  Shield Battery  
  53  4:45  Probe  
  55  4:54  Probe  
  55  4:57  Blink (Chrono Boost), Probe  
  52  5:02  Robotics Facility  
  52  5:06  Pylon, Probe  
  49  5:09  Probe  
  49  5:13  Assimilator  
  50  5:16  Forge  
  50  5:18  Probe  
  50  5:19  Stalker  
  50  5:21  Probe  
  54  5:28  Stalker  
  56  5:31  Probe  
  56  5:34  Probe  
  58  5:41  Protoss Ground Weapons Level 1 (Chrono Boost)  
  58  5:45  Sentry  
  58  5:46  Gateway x2  
  60  5:56  Phoenix, Pylon  
  60  5:58  Observer  
  60  6:00  Nexus  
  61  6:05  Pylon  
  61  6:15  Gateway, Probe  
  61  6:16  Probe  
  61  6:17  Gateway  
  63  6:18  Sentry  
  63  6:25  Sentry  
  67  6:27  Probe  
  67  6:28  Probe  
  69  6:39  Warp Prism, Probe  
  70  6:40  Probe  
  70  6:45  Stalker x2  
  77  6:50  Pylon  
  77  6:51  Probe  
  78  6:55  Stalker x2  
  82  7:09  Pylon  
  82  7:14  Stalker x4  
  90  7:20  Stalker  
  92  7:38  Probe x2  
  92  7:39  Stalker x3, Assimilator, Probe  
  92  7:41  Zealot x2  
  92  7:43  Stalker  
  107  7:47  Pylon  
  107  7:54  Probe x3  
  110  8:00  Phoenix  
  110  8:06  Stalker x4  
  110  8:07  Zealot x2  
  110  8:12  Shield Battery  
  122  8:13  Pylon  
  122  8:15  Pylon  
  122  8:18  Pylon  
  122  8:29  Pylon  
  122  8:31  Stalker x4  
  130  8:34  Stalker  
  130  8:38  Stalker  
  134  8:45  Pylon  
  134  8:59  Stalker x2  
  136  9:13  Stalker x3  
  141  9:22  Zealot x3  
  147  9:27  Gateway, Probe x2  
  147  9:28  Pylon  
  147  9:29  Gateway, Probe  
  142  9:39  Stalker x3  
  142  9:43  Stalker x3  
Show
View Real Time Build Order
Export as new Build Order

Zest Protoss 

Build Orders:  

Get SALT Encoding   

  12  0:00  Probe  
  13  0:12  Probe  
  14  0:17  Pylon  
  14  0:24  Probe (Chrono Boost)  
  15  0:36  Gateway, Probe (Chrono Boost)  
  16  0:44  Probe (Chrono Boost)  
  16  0:45  Assimilator  
  17  0:52  Probe  
  18  1:04  Probe (Chrono Boost)  
  18  1:06  Assimilator  
  18  1:10  Gateway  
  19  1:14  Probe (Chrono Boost)  
  20  1:19  Probe (Chrono Boost)  
  20  1:23  Cybernetics Core  
  21  1:31  Probe  
  22  1:36  Pylon  
  22  1:43  Probe  
  23  1:55  Probe  
  23  1:57  Warp Gate (Chrono Boost)  
  23  2:00  Adept x2  
  28  2:12  Pylon  
  28  2:22  Pylon  
  28  2:30  Sentry x2  
  32  2:40  Nexus  
  32  2:42  Probe  
  33  2:52  Shield Battery  
  33  2:57  Sentry  
  35  3:01  Probe  
  35  3:03  Pylon  
  38  3:13  Probe  
  38  3:19  Twilight Council  
  37  3:25  Probe  
  38  3:37  Probe (Chrono Boost)  
  38  3:39  Stalker x2  
  44  3:49  Probe (Chrono Boost)  
  45  3:56  Probe (Chrono Boost)  
  45  3:57  Probe (Chrono Boost)  
  44  4:03  Stalker x2  
  44  4:04  Probe  
  44  4:09  Blink (Chrono Boost)  
  47  4:16  Probe  
  47  4:22  Probe (Chrono Boost)  
  44  4:31  Stalker  
  45  4:33  Probe (Chrono Boost)  
  45  4:34  Probe (Chrono Boost)  
  45  4:36  Stalker  
  48  4:40  Probe (Chrono Boost)  
  48  4:42  Probe (Chrono Boost)  
  50  4:52  Probe  
  46  4:59  Probe  
  41  5:03  Stalker  
  41  5:04  Probe  
  41  5:06  Stalker  
  44  5:12  Probe  
  45  5:16  Probe  
  46  5:24  Probe (Chrono Boost)  
  46  5:27  Pylon  
  46  5:28  Sentry  
  49  5:31  Stalker, Probe (Chrono Boost)  
  52  5:36  Probe (Chrono Boost)  
  52  5:39  Assimilator  
  54  5:45  Probe x2 (Chrono Boost)  
  55  5:50  Probe, Nexus  
  55  5:54  Probe  
  57  6:01  Forge  
  57  6:02  Probe  
  57  6:03  Sentry  
  60  6:06  Probe  
  61  6:14  Probe  
  61  6:17  Gateway  
  63  6:18  Gateway, Probe (Chrono Boost)  
  63  6:21  Sentry  
  65  6:25  Pylon  
  65  6:26  Probe (Chrono Boost)  
  65  6:29  Sentry  
  65  6:30  Probe (Chrono Boost)  
  69  6:34  Gateway  
  69  6:36  Pylon, Probe (Chrono Boost)  
  69  6:37  Protoss Ground Weapons Level 1 (Chrono Boost)  
  70  6:45  Gateway  
  70  6:49  Stalker  
  72  6:55  Stalker  
  72  6:57  Shield Battery  
  72  7:00  Shield Battery  
  74  7:09  Pylon  
  74  7:12  Stalker  
  74  7:13  Stalker x2  
  80  7:20  Pylon  
  80  7:23  Shield Battery  
  80  7:32  Stalker x2  
  80  7:34  Probe x3  
  87  7:45  Stalker x4  
  87  7:47  Probe x2  
  97  7:57  Shield Battery  
  97  8:00  Probe  
  100  8:11  Stalker x5  
  108  8:20  Nexus  
  108  8:26  Pylon  
  108  8:28  Probe  
  108  8:29  Probe x2  
  111  8:40  Probe  
  111  8:41  Gateway, Probe  
  113  8:43  Gateway  
  113  8:51  Gateway x2  
  113  9:06  Gateway  
  113  9:07  Gateway  
  107  9:14  Stalker x4  
  107  9:15  Stalker  
  117  9:17  Shield Battery  
  117  9:33  Stalker  
  117  9:38  Stalker x2  
  117  9:39  Stalker  
  117  9:40  Zealot  
  112  9:46  Stalker  
Tags
 
Event
TSL 6
Matchup
PvP
Spawn Locations
Cross Positions
Add a new tag
Caveats
  • Supply blocks, unpowered buildings, or Contaminate may cause inaccurate times.
  • Supply counts are checked every 10 seconds.